AoeStats
← Tristamen

African Clearing

506578411Analyzed
2v2 RM · 20d ago on Sep 14, 2026· 41m 33s· 4 players
Game mode
Random Map
Map size
Medium (4 player)
Population
200
Speed
Normal
Resources
Standard
Victory
Conquest
Starting age
Dark Age
Ending age
Imperial Age
RankedLock teamsTeams togetherTeam positionsShared explorationLock speedFull tech treeHidden civsTurbo modeCheats
Victory
Defeat
🇵🇪 Ethiopians · Peru
1169
+14
🇨🇳 Persians · China
1094
+18
🇺🇸 Gurjaras · United States
1158
-17
🇺🇸 Spanish · United States
1097
-15
mazerr88
12:58 Feudal Age
12:09 Loom
14:35 Loom
18:34 Castle Age
17:32 Horse Collar
17:45 Gold Mining
18:01 Double-Bit Axe
24:05 Wheelbarrow
24:01 Heavy Plow
33:36 Husbandry
33:47 Bloodlines
34:43 Hand Cart
34:14 Town Watch
35:50 Sanctity
39:25 Imperial Age
Tristamen
3:39 Loom
14:12 Feudal Age
14:37 Double-Bit Axe
21:31 Castle Age
23:05 Bow Saw
28:18 Ballistics
34:32 Horse Collar
35:33 Heavy Plow
THEONE
4:25 Loom
15:10 Feudal Age
24:51 Castle Age
29:57 Wheelbarrow
29:08 Town Watch
30:47 Double-Bit Axe
35:53 Kamandaran
36:23 Crossbowman
37:09 Thumb Ring
37:48 Fletching
37:58 Padded Archer Armor
39:46 Coinage
ASDF
3:39 Loom
12:21 Feudal Age
12:56 Double-Bit Axe
17:44 Fletching
22:15 Castle Age
21:06 Gold Mining
22:22 Wheelbarrow
22:17 Horse Collar
22:23 Crossbowman
23:40 Bodkin Arrow
27:43 Ballistics
27:55 Padded Archer Armor
34:19 Squires
34:23 Scale Mail Armor
35:03 Forging
34:55 Town Watch
35:21 Heavy Plow
35:58 Thumb Ring
36:27 Chain Mail Armor
38:08 Scale Barding Armor
39:56 Hand Cart
39:41 Town Patrol
Connection lost

Rejoining the realm…

Still unreachable

The connection could not be restored.

Session expired

The server has moved on; the page needs a fresh start.